 Dungeon Crawl Stone Soup version 0.30-a0-772-g5528072125 (webtiles) character file.

Game seed: 11649659021625433002

185344 Dirtsage the Fencer (level 17, -1/154 HPs)
             Began as a Red Draconian Monk on Feb 12, 2023.
             Was an Elder of Wu Jian.
             Slain by a nagaraja
             ... wielding a +0 spear
              (24 damage)
             ... on level 4 of the Snake Pit.
             The game lasted 01:44:21 (25600 turns).

Dirtsage the Fencer (Red Draconian Monk)           Turns: 25600, Time: 01:44:22

Health: -1/154     AC: 15    Str: 21    XL:     17   Next: 81%
Magic:  0/26       EV: 20    Int: 12    God:    Wu Jian [****..]
Gold:   353        SH: 15    Dex: 21    Spells: 7/16 levels left

rFire   + . .      SeeInvis +    a - +1 demon blade (freeze)
rCold   + . .      Faith    .    r - +1 kite shield {reflect}
rNeg    . . .      Spirit   +    (body armour unavailable)
rPois   +          Reflect  +    E - +0 hat "Veuneox" {rElec Int+3 Stlth+}
rElec   +          Harm     .    H - +0 cloak {Will+}
rCorr   +          Rampage  .    z - +2 pair of gloves
Will    ++...                    T - +1 pair of boots {Stlth+}
Stlth   ++++                     O - amulet "Cusmuuwn" {Spirit rC+ Regen+ Str+6 Dex-2}
HPRegen 1.25/turn                S - ring of see invisible
MPRegen 0.20/turn                e - ring "Yxtihean" {rPois rCorr MP+9 Int-2 Dex+3}

@: lethally poisoned (-1 -> -1), studying Ice Magic
A: breathe fire, AC +9, unfitting armour, fire resistance 1, cold-blooded
a: Breathe Fire, Renounce Religion, Wall Jump, Serpent's Lash


You were on level 4 of the Snake Pit.
You worshipped Wu Jian.
Wu Jian was greatly pleased with you.
You visited 5 branches of the dungeon, and saw 25 of its levels.
You also visited: Bailey, Gauntlet and Ice Cave.

You collected 2483 gold pieces.
You spent 2130 gold pieces at shops.

Inventory:

Hand Weapons
 a - a +1 demon blade of freezing (weapon)
 b - a +0 demon blade of flaming
 U - the +8 falchion of Ignis's Felicitations {venom, rF+ rN+ MP+9}
   (You found it on level 2 of the Dungeon)

   rF:        It protects you from fire.
   rN:        It protects you from negative energy.
   MP:        It affects your magic capacity (+9).
Missiles
 P - a curare-tipped dart (quivered)
Armour
 m - a +0 kite shield of cold resistance
 r - a +1 kite shield of reflection (worn)
 z - a +2 pair of gloves (worn)
 E - the +0 hat "Veuneox" (worn) {rElec Int+3 Stlth+}
   (You acquired it on level 7 of the Dungeon)

   Int:       It affects your intelligence (+3).
   rElec:     It insulates you from electricity.
   Stlth:     It makes you more stealthy.
 H - a +0 cloak of willpower (worn)
 T - a +1 pair of boots of stealth (worn)
Jewellery
 e - the ring "Yxtihean" (right hand) {rPois rCorr MP+9 Int-2 Dex+3}
   (You found it on level 12 of the Dungeon)

   [ring of resist corrosion]

   Int:       It affects your intelligence (-2).
   Dex:       It affects your dexterity (+3).
   rPois:     It protects you from poison.
   MP:        It affects your magic capacity (+9).
   rCorr:     It protects you from acid and corrosion.
 u - the ring of Mibbof {rPois rF+}
   (You found it in a Gauntlet)

   [ring of protection from fire]

   rF:        It protects you from fire.
   rPois:     It protects you from poison.
 C - a ring of flight
 F - a ring of protection from fire
 I - a ring of protection from cold
 O - the amulet "Cusmuuwn" (around neck) {Spirit rC+ Regen+ Str+6 Dex-2}
   (You bought it in a shop on level 2 of the Orcish Mines)

   [amulet of guardian spirit]

   It causes incoming damage to be divided between your reserves of health and
   magic.
   Str:       It affects your strength (+6).
   Dex:       It affects your dexterity (-2).
   rC:        It protects you from cold.
   Regen:     It increases your rate of health regeneration.
 R - a ring of willpower
 S - a ring of see invisible (left hand)
 Y - a +5 ring of evasion
Wands
 s - a wand of quicksilver (15)
 D - a wand of digging (17)
 M - a wand of roots (11)
 W - a wand of flame (18)
 Z - a wand of mindburst (8)
Scrolls
 c - 4 scrolls of fog
 f - 2 scrolls of vulnerability
 g - 5 scrolls of fear
 i - 6 scrolls of identify
 o - a scroll of silence
 p - 3 scrolls of immolation
 t - 6 scrolls of teleportation
 w - 6 scrolls of enchant armour
 x - 5 scrolls of poison
 B - 4 scrolls of blinking
 J - 3 scrolls of enchant weapon
 K - 7 scrolls of amnesia
 X - 7 scrolls of magic mapping
Potions
 d - 4 potions of might
 h - 4 potions of haste
 j - 3 potions of cancellation
 k - 6 potions of magic
 l - 3 potions of heal wounds
 n - 4 potions of resistance
 q - 6 potions of curing
 v - 3 potions of brilliance
 A - a potion of berserk rage
 L - a potion of flight
 N - 3 potions of attraction
 Q - 3 potions of mutation
 V - 2 potions of ambrosia
Miscellaneous
 y - a phial of floods
 G - a phantom mirror


   Skills:
 - Level 14.5 Fighting
 - Level 16.8 Long Blades
 - Level 12.3 Dodging
 - Level 1.7 Stealth
 - Level 14.3 Shields
 - Level 8.4 Necromancy
 + Level 11.4 Transmutations
 * Level 7.5 Earth Magic


You had 7 spell levels left.
You knew the following spells:

 Your Spells              Type           Power      Damage    Failure   Level
a - Wereblood             Tmut           27%        N/A       1%          2
b - Beastly Appendage     Tmut           54%        N/A       1%          1
c - Statue Form           Tmut/Erth      14%        N/A       88%         6

Your spell library contained the following spells:

 Spells                   Type           Power      Damage    Failure   Level
 Necrotise                Necr           80%        1d8       1%          1
 Vampiric Draining        Necr           20%        2d7       5%          3
 Sting                    Tmut/Pois      52%        1d5       6%          1
 Kiss of Death            Conj/Necr      40%        2d8       11%         1
 Blade Hands              Tmut           13%        N/A       16%         5
 Spider Form              Tmut/Pois      13%        N/A       17%         3
 Dispel Undead            Necr           20%        3d11      19%         4
 Cigotuvi's Dreadful Rot  Necr/Pois/Air  12%        N/A       28%         2
 Stone Arrow              Conj/Erth      18%        3d8       36%         3
 Lee's Rapid Deconstruct  Erth           9%         3d7*      58%         5
 Poisonous Vapours        Pois/Air       0%         N/A       65%         2
 Leda's Liquefaction      Hex/Erth       4%         N/A       77%         4
 Irradiate                Conj/Tmut      6%         3d13      85%         5
 Confusing Touch          Hex            0%         N/A       87%         3
 Dazzling Flash           Conj/Hex       0%         N/A       87%         3
 Kindle Blastsparks       Fire/Tloc/Air  0%         2d10      87%         3
 Death Channel            Necr           10%        N/A       96%         6
 Iskenderun's Mystic Bla  Conj/Tloc      0%         2d3       99%         4
 Olgreb's Toxic Radiance  Pois           0%         N/A       99%         4
 Summon Lightning Spire   Summ/Air       0%         N/A       99%         4
 Dragon Form              Tmut           13%        N/A       99%         7
 Starburst                Conj/Fire      0%         6d3       100%        6
 Storm Form               Tmut/Air       6%         N/A       100%        7
 Lehudib's Crystal Spear  Conj/Erth      4%         10d3      100%        8
 Maxwell's Capacitive Co  Air            0%         ∞         100%        8
 Death's Door             Necr           10%        N/A       100%        9
 Animate Armour           Summ/Erth      Unusable   N/A       N/A         4

Dungeon Overview and Level Annotations

Branches:
Dungeon (13/15)            Temple (1/1) D:7            Lair (5/5) D:10
 Shoals (0/4) Lair:2        Snake (4/4) Lair:2        Slime (0/5) Lair:4
    Orc (2/2) D:9             Elf (0/3) Orc:2        Bailey (visited)
  IceCv (visited)         Gauntlet (visited)
 Vaults: D:13-14

Altars:
Ashenzari
Dithmenos
Elyvilon
Fedhas
Gozag
Kikubaaqudgha
Makhleb
Nemelex Xobeh
Okawaru
Qazlal
Sif Muna
Vehumet
Wu Jian
Xom
Yredelemnul
Zin
The Shining One

Shops:
D:3 :   D:8 [*:=   Orc:2 =:(!   Snake:1 :   Snake:2 :   Snake:3 *

Annotations:
Snake:4 Agnes


Innate Abilities, Weirdness & Mutations

You can breathe blasts of fire.
Your fiery red scales are hard. (AC +9)
You cannot fit into any form of body armour.
Your flesh is heat resistant. (rF+)
You are cold-blooded and may be slowed by cold attacks.


Message History

The naga barely misses you.
You take 11 damage, and have 23/154 hp.
You now have 3/26 mp.
You spin and attack the naga sharpshooter repeatedly.
You slice the naga sharpshooter!! You freeze the naga sharpshooter!
The naga sharpshooter is severely wounded.
You hit the naga sharpshooter. You freeze the naga sharpshooter.
The naga sharpshooter is almost dead.
You feel sick.
The naga warrior no longer looks unusually strong.
The guardian serpent coils itself and waves its upper body at you.
The nagaraja blinks into view!
The naga warrior roars a battlecry!
The nagas go into a battle-frenzy!
The naga sharpshooter gestures wildly while chanting.
The naga sharpshooter magically shoots an arrow.
You reflect the arrow off your +1 kite shield of reflection!
You see here a +0 halberd.
You slice the nagaraja!! You freeze the nagaraja. You tail-slap the nagaraja.
The nagaraja is moderately wounded.
You feel sick.
The nagaraja points at you and mumbles some strange words.
You resist with some effort. The naga misses you. You block the naga's attack.
The naga sharpshooter mumbles some strange words.
The naga sharpshooter magically shoots an arrow.
The arrow completely misses you.
Aiming: Wall Jump
Press: ? - help, Dir - move target You repeatedly attack the nagaraja from above.
You completely miss the nagaraja.
The nagaraja is moderately wounded.
You closely miss the nagaraja.
The nagaraja is moderately wounded.
You closely miss the nagaraja.
The nagaraja is moderately wounded.
You feel sick.
The naga sharpshooter no longer looks unusually strong.
The guardian serpent casts a spell at you.
The naga blinks!
The naga ritualist blinks into view!
The naga sharpshooter blinks!
The nagaraja hits you with a +0 spear!!
You die...

.#...####...###.
...N.....#......######
...N.†.....# .......#
..###.N.N### #......#
....<.NN##### ......#..
##...NN.)N§.####........
#...######SN.##<..###
##... ###NN##N...# ###..
##)N@N...# ###
####N........ #.(.####..
##.... ......# #.......
..##.... ### ....


You could see a nagaraja (strong), a naga warrior (poisoned), 2 naga
sharpshooters, a naga ritualist, a guardian serpent and 2 nagas.

Vanquished Creatures
  Mara (Snake:3)
  Vashnia (Snake:2)
  Gastronok (D:9)
  Donald (Orc:2)
  A nagaraja (Snake:2)
  Aizul (Snake:2)
  A balrug (Gauntlet)
  Louise (Snake:2)
  An orc warlord (Bailey)
  A minotaur (Gauntlet)
  2 hydras
  2 ogre magi (Orc:2)
  9 anacondas
  11 two-headed ogres
  6 centaur warriors
  4 boulder beetles
  2 tengu warriors (D:13)
  13 naga warriors
  9 death yaks (Lair:3)
  3 shock serpents
  13 naga sharpshooters
  2 deep trolls (Orc:2)
  7 skeletal warriors
  4 salamander mystics
  2 naga ritualists
  2 skysharks
  A bog body (IceCv)
  2 wizards (Gauntlet)
  A deep elf pyromancer (D:13)
  A necromancer (IceCv)
  10 mana vipers
  2 orc knights
  4 orc sorcerers
  An ugly thing (D:8)
  10 salamanders
  2 oklob plants
  3 cyclopes (Orc:2)
  A merfolk siren (Lair:2)
  Maurice (D:9)
  11 naga magi
  8 centaur zombies (D:12)
  2 ice statues (IceCv)
  4 guardian serpents
  5 elephants (Lair:3)
  3 gargoyles
  30 black mambas
  6 cane toads
  An unseen horror (D:12)
  6 centaur skeletons (D:12)
  A minotaur zombie (Gauntlet)
  2 efreet
  6 komodo dragons
  5 ice devils (IceCv)
  An anaconda simulacrum (IceCv)
  2 tengu conjurers (D:13)
  5 hornets (Lair:5)
  19 trolls
  5 polar bears
  10 blink frogs
  7 dream sheep (Lair:5)
  4 flying skulls (D:12)
  A meliai zombie (D:12)
  5 small abominations (Gauntlet)
  The ghost of MCDelver the Firebug, an amateur OpFE (D:4)
  5 slime creatures (D:12)
  7 shadows
  2 centaur simulacra (Gauntlet)
  14 spriggans
  3 dire elephant simulacra (IceCv)
  62 yaks
  6 wraiths
  Grum (D:8)
  5 wyverns
  18 vampire mosquitoes
  4 basilisks
  A large abomination (Gauntlet)
  2 steam dragons (D:8)
  3 wargs
  37 nagas
  3 acid dragons
  4 harpy simulacra (IceCv)
  2 hydra simulacra (IceCv)
  18 water moccasins
  A hell hound (Gauntlet)
  5 black bears (Lair:5)
  2 sky beasts
  32 orc warriors
  3 ice beasts
  28 ogres
  32 wolves
  3 boggarts (Lair:5)
  6 centaurs
  3 phantoms
  5 kobold brigands
  The ghost of mopl the Sneak, an amateur VSBr (D:4)
  7 gnoll sergeants
  5 scorpions
  10 bullfrogs
  A necrophage (D:5)
  12 wights
  An elephant simulacrum (IceCv)
  9 killer bees
  8 howler monkeys
  A wyvern simulacrum (Gauntlet)
  6 hounds
  4 jellies
  14 orc priests
  3 gnoll boudas
  12 iguanas
  A boggart zombie (D:12)
  26 orc wizards
  A spriggan simulacrum (IceCv)
  6 hell rats (Lair:4)
  2 wolf simulacra (IceCv)
  38 gnolls
  13 adders
  9 shadow imps
  18 white imps
  2 ufetubi
  A worm (D:3)
  4 dart slugs
  89 orcs
  5 bats
  8 endoplasms
  2 giant cockroaches
  27 goblins
  17 hobgoblins
  9 jackals
  5 quokkas
  5 ball pythons
  4 frilled lizards
  9 kobolds
  4 rats
1006 creatures vanquished.

Vanquished Creatures (others)
  A cyclops (D:8)
  A slime creature (D:8)
  A naga (Snake:1)
  A sky beast (D:8)
  A human (D:10)
  An endoplasm (D:4)
  A kobold (D:4)
  13 fungi
  16 plants
36 creatures vanquished.

Grand Total: 1042 creatures vanquished

Notes
Turn   | Place    | Note
-------+----------+-------------------------------------------
     0 | D:1      | Dirtsage the Draconian Monk began the quest for the Orb.
     0 | D:1      | Reached XP level 1. HP: 19/19 MP: 1/1
    68 | D:1      | Reached XP level 2. HP: 15/26 MP: 2/2
   545 | D:1      | Reached XP level 3. HP: 33/33 MP: 3/3
   802 | D:2      | Reached skill level 4 in Long Blades
   805 | D:2      | Reached XP level 4. HP: 19/40 MP: 4/4
  1682 | D:2      | Identified the +8 falchion of Ignis's Felicitations {venom,
                  | rF+ rN+ MP+9}
  2055 | D:3      | Found a glowing golden altar of the Shining One.
  2073 | D:3      | Reached XP level 5. HP: 46/46 MP: 5/5
  2222 | D:3      | Found a basalt altar of Yredelemnul.
  2361 | D:3      | Found an iron altar of Okawaru.
  2403 | D:3      | Reached skill level 5 in Long Blades
  2458 | D:3      | Found Necagg's Book Emporium.
  2565 | D:3      | Found a faded altar of an unknown god.
  2949 | D:4      | Reached XP level 6. HP: 53/53 MP: 6/6
  3074 | D:4      | Reached skill level 5 in Fighting
  3189 | D:4      | Reached skill level 6 in Long Blades
  3884 | D:4      | Found a runed translucent gate.
  3884 | D:4      | Found a runed translucent gate.
  3885 | D:4      | Found a runed translucent gate.
  3886 | D:4      | Noticed MCDelver's ghost (amateur OpFE)
  3886 | D:4      | Noticed mopl's ghost (amateur VSBr)
  4102 | D:4      | Killed MCDelver's ghost
  4103 | D:4      | Reached skill level 1 in Shields
  4103 | D:4      | Your scales start taking on a fiery red colour.
  4103 | D:4      | Reached XP level 7. HP: 60/61 MP: 7/7
  4103 | D:4      | Gained mutation: Your flesh is heat resistant. (rF+) [Red
                  | Draconian growth]
  4106 | D:4      | Killed mopl's ghost
  4148 | D:5      | Entered Level 5 of the Dungeon
  4448 | D:5      | Identified the +6 ring mail of Wu Jian's Benevolence
                  | {Contam Rampage rPois rN+++}
  4556 | D:5      | Reached skill level 7 in Long Blades
  4556 | D:5      | Reached XP level 8. HP: 70/70 MP: 8/8
  4594 | D:5      | Reached skill level 5 in Dodging
  5041 | D:5      | Reached skill level 8 in Long Blades
  5096 | D:5      | Noticed a troll
  5106 | D:5      | Killed a troll
  5121 | D:5      | Reached XP level 9. HP: 68/78 MP: 9/9
  5346 | D:5      | Found a burning altar of Makhleb.
  5576 | D:6      | Found a white marble altar of Elyvilon.
  5597 | D:6      | Reached skill level 9 in Long Blades
  6191 | D:6      | Reached skill level 5 in Shields
  6245 | D:7      | Found a blossoming altar of Fedhas.
  6447 | D:7      | Found a flagged portal.
  6452 | D:7      | Reached skill level 10 in Long Blades
  6466 | D:7      | Reached XP level 10. HP: 44/88 MP: 10/10
  6539 | Bailey   | Entered a bailey
  6689 | Bailey   | Noticed an orc knight
  6726 | Bailey   | Killed an orc knight
  7041 | Bailey   | Noticed an orc warlord
  7073 | Bailey   | Killed an orc warlord
  7074 | Bailey   | Reached skill level 11 in Long Blades
  7251 | Bailey   | Got the Omnibus of the Lion
  7275 | D:7      | Acquired the +0 hat "Veuneox" {rElec Int+3 Stlth+}
  7293 | D:7      | Identified the +0 rapier of Cheese {spect, rPois rF+}
  7827 | D:7      | Found a staircase to the Ecumenical Temple.
  7833 | Temple   | Entered the Ecumenical Temple
  7839 | Temple   | Became a worshipper of the Wu Jian Council
  7839 | Temple   | Reached * piety under Wu Jian
  7839 | Temple   | Reached ** piety under Wu Jian
  7864 | D:8      | Found Wauf's Antique Armour Emporium.
  7867 | D:8      | Bought an embroidered cloak for 135 gold pieces
  7872 | D:8      | Bought an embroidered cloak for 135 gold pieces
  7875 | D:8      | Found Ahyrolar's Book Shop.
  8081 | D:8      | Reached XP level 11. HP: 86/97 MP: 11/11
  8179 | D:8      | Found a runed translucent door.
  8179 | D:8      | Found a runed translucent door.
  8179 | D:8      | Found a runed translucent door.
  8179 | D:8      | Noticed a two-headed ogre
  8386 | D:8      | Found Karchusu's Assorted Antiques.
  8503 | D:8      | Found the +18 Lear's hauberk
  8516 | D:8      | Bought a book of Changes for 270 gold pieces
  8519 | D:8      | Learned a level 2 spell: Wereblood
  8743 | D:8      | Found Vuideg's Jewellery Boutique.
  9003 | D:8      | Killed a two-headed ogre
  9004 | D:8      | Reached skill level 1 in Transmutations
  9014 | D:8      | Reached skill level 12 in Long Blades
  9056 | D:8      | Noticed a centaur warrior
  9068 | D:8      | Killed a centaur warrior
  9224 | D:8      | Noticed Grum
  9233 | D:8      | Killed Grum
  9235 | D:8      | Noticed a centaur warrior
  9247 | D:8      | Killed a centaur warrior
  9273 | D:8      | Reached *** piety under Wu Jian
  9416 | D:8      | Noticed a green ugly thing
  9434 | D:8      | Killed a green ugly thing
  9435 | D:8      | Reached skill level 10 in Fighting
  9820 | D:9      | Noticed Gastronok
  9838 | D:9      | Killed Gastronok
 10087 | D:9      | Reached XP level 12. HP: 106/106 MP: 12/12
 10197 | D:9      | Reached skill level 13 in Long Blades
 10229 | D:9      | Reached **** piety under Wu Jian
 10599 | D:9      | Found a staircase to the Orcish Mines.
 10794 | D:9      | Noticed Maurice
 10798 | D:9      | Killed Maurice
 10878 | D:9      | Reached XP level 13. HP: 114/114 MP: 13/13
 10879 | D:9      | Reached XP level 14. HP: 122/122 MP: 14/14
 10882 | D:9      | Learned a level 1 spell: Beastly Appendage
 10921 | D:10     | Entered Level 10 of the Dungeon
 11213 | D:10     | Found a staircase to the Lair.
 11239 | Lair:1   | Entered Level 1 of the Lair of Beasts
 11618 | Lair:1   | You fall into a shaft and drop 1 floor!
 12607 | Lair:2   | Found a staircase to the Shoals.
 12613 | Lair:2   | Reached skill level 5 in Transmutations
 13014 | Lair:2   | Found a staircase to the Snake Pit.
 13247 | Lair:3   | Reached ***** piety under Wu Jian
 13274 | Lair:3   | Reached skill level 14 in Long Blades
 13573 | Lair:3   | Found a frozen archway.
 13609 | IceCv    | Entered an ice cave
 13708 | IceCv    | Reached XP level 15. HP: 113/132 MP: 15/15
 13877 | IceCv    | Reached skill level 10 in Dodging
 15106 | Lair:4   | Found a staircase to the Slime Pits.
 15401 | Lair:5   | Entered Level 5 of the Lair of Beasts
 16141 | Lair:5   | Identified the +6 morningstar of Ranucac {heavy, rElec}
 16788 | D:10     | Found an ancient bone altar of Kikubaaqudgha.
 16819 | D:10     | Found a stormy altar of Qazlal.
 17138 | D:11     | Found a gate leading to a gauntlet.
 17158 | Gauntlet | Entered a Gauntlet
 17158 | Gauntlet | Found a transporter.
 17166 | Gauntlet | Found a transporter.
 17169 | Gauntlet | Found a transporter.
 17170 | Gauntlet | Found a transporter.
 17174 | Gauntlet | Found a runed translucent door.
 17176 | Gauntlet | Found a runed translucent door.
 17178 | Gauntlet | Found a transporter.
 17181 | Gauntlet | Found a transporter.
 17182 | Gauntlet | Found a transporter.
 17188 | Gauntlet | Found a runed translucent gate.
 17190 | Gauntlet | Found a transporter.
 17191 | Gauntlet | Found a runed translucent gate.
 17192 | Gauntlet | Found a runed translucent gate.
 17193 | Gauntlet | Found a transporter.
 17194 | Gauntlet | Found a transporter.
 17201 | Gauntlet | Found a runed translucent door.
 17204 | Gauntlet | Found a transporter.
 17205 | Gauntlet | Found a transporter.
 17206 | Gauntlet | Found a transporter.
 17214 | Gauntlet | Found a transporter.
 17673 | Gauntlet | Identified the ring of Mibbof {rPois rF+}
 18715 | D:12     | Identified the ring "Yxtihean" {rPois rCorr MP+9 Int-2
                  | Dex+3}
 19052 | D:12     | Reached XP level 16. HP: 143/144 MP: 16/16
 19057 | D:12     | Reached skill level 15 in Long Blades
 19110 | D:12     | Identified the +4 rapier of Fuwkyg Peng {flame, Dex+4}
 20602 | D:8      | Bought an amulet of regeneration for 390 gold pieces
 20703 | Orc:1    | Entered Level 1 of the Orcish Mines
 21049 | Orc:2    | Entered Level 2 of the Orcish Mines
 21091 | Orc:2    | Noticed Donald
 21108 | Orc:2    | HP: 7/145 [Donald/+0 heavy scimitar (33)]
 21129 | Orc:2    | Killed Donald
 21239 | Orc:2    | Found Ussi's Antique Weapon Emporium.
 21246 | Orc:2    | Found Xeuthr Puba's Jewellery Emporium.
 21246 | Orc:2    | Found Zaehu's Distillery.
 21254 | Orc:2    | Bought the amulet "Cusmuuwn" {Spirit rC+ Regen+ Str+6
                  | Dex-2} for 576 gold pieces
 21266 | Orc:2    | Found Xuteik's Book Shoppe.
 21272 | Orc:2    | Bought 2 potions of might for 96 gold pieces
 21272 | Orc:2    | Bought a potion of haste for 120 gold pieces
 21272 | Orc:2    | Bought a potion of might for 48 gold pieces
 21355 | Orc:2    | Found a staircase to the Elven Halls.
 21541 | Orc:1    | Paralysed by an orc sorcerer for 2 turns
 21546 | Orc:1    | Reached skill level 16 in Long Blades
 21799 | Snake:1  | Entered Level 1 of the Snake Pit
 21800 | Snake:1  | Found Ammur's Book Emporium.
 22063 | Snake:1  | You fall into a shaft and drop 1 floor!
 22627 | Snake:1  | Reached XP level 17. HP: 151/152 MP: 17/17
 22937 | Snake:2  | Noticed Aizul
 22959 | Snake:2  | Killed Aizul
 22968 | Snake:2  | Noticed Louise
 22973 | Snake:2  | Killed Louise
 22974 | Snake:2  | Reached skill level 10 in Transmutations
 23370 | Snake:2  | Found Harageux's Self-Improvement Boutique.
 23379 | Snake:2  | Saving game... please wait.
 23425 | Snake:2  | Noticed Vashnia
 23579 | Snake:1  | Bought a book of the Earth for 360 gold pieces
 23586 | Snake:1  | Learned a level 6 spell: Statue Form
 23717 | Snake:2  | Killed Vashnia
 23718 | Snake:2  | Reached skill level 1 in Earth Magic
 24503 | Snake:3  | Found Bidurcha's CLEARANCE SALE!.
 24703 | Snake:3  | Found a radiant altar of Vehumet.
 24869 | Snake:3  | Reached skill level 5 in Earth Magic
 24875 | Snake:3  | Noticed Mara
 24882 | Snake:3  | Noticed Dirtsage's illusion
 24894 | Snake:3  | Noticed Dirtsage's illusion
 24895 | Snake:3  | Killed Mara
 25362 | Snake:4  | Entered Level 4 of the Snake Pit
 25399 | Snake:4  | Noticed Agnes
 25600 | Snake:4  | Slain by a nagaraja

Illustrated notes

Levels and vault maps discovered:
D:1:      wheals_arrival_shading, layout_rooms
D:2:      wander_river, layout_basic, chequers_jeans
D:3:      layout_basic, tso_metal_star, yredelemnul_altar_generic,
          okawaru_altar_gauntlet_db, serial_shops, shop,
          shapermc_ecumenical_altar_venn, interstate_on_off
D:4:      layout_basic, gammafunk_ghost_cemetery, minmay_joined_circles
D:5:      layout_gridville, lightli_temple_of_fire, nzn_random_ring
D:6:      layout_basic, elyvilon_altar_3
D:7:      layout_loops_ring, mainiacjoe_overflow_small_starburst,
          minmay_temple_entry_enclosed_plants, enter_bailey_5
D:8:      minmay_the_grid_triangle_9x9_rhombus_full
          [minmay_the_grid_triangle_9x9_skeleton,
          minmay_the_grid_triangle_9x9_sprig,
          minmay_the_grid_triangle_9x9_pentomino_pain,
          minmay_the_grid_triangle_9x9_fully_insulated_deathbox,
          minmay_the_grid_triangle_9x9_odd_lines,
          minmay_the_grid_triangle_9x9_swiss_cheese,
          minmay_the_grid_triangle_9x9_intruding_spiral,
          minmay_the_grid_triangle_9x9_prize_top_heavy], layout_rooms,
          serial_shops, nicolae_shop_window_shopping,
          nicolae_inconvenience_store, nicolae_shop_crystal, kennysheep_mini,
          hangedman_decor_diamond_cutter, uniq_grum
D:9:      layout_loops_ring, kennysheep_orc_monster_closet_entryway,
          onia_ninara_dug_in_and_dangerous, uniq_maurice, uniq_gastronok
D:10:     layout_irregular_city, tgw_kikubaaqudgha, grunt_qazlal_clouds,
          lair_entry_dummy
D:11:     layout_basic, gauntlet_entry_generic
D:12:     hangedman_screamer, layout_loops_cross
D:13:     layout_rooms, serial_curves, eino_curves_02, eino_curves_01,
          eino_curves_03, corexii_checkpoint_a
Temple:   eino_narrow_crystal_temple
Lair:1:   layout_regular_city, serial_bayou_shore_b, infiniplex_staircase_pool_2
Lair:2:   layout_chaotic_city, minmay_shoals_entry_lonely_mermaid,
          nicolae_snake_entry_squirm, grunt_forest_large_clearing_hut
Lair:3:   layout_misc_corridors, portal_ice_cave_entry_imps
Lair:4:   layout_big_grid, nicolae_slime_entry_field_trip, lemuel_fruit_fields
Lair:5:   minmay_lair_end_enchanted_forest, layout_hall_layers,
          grunt_megastairs_3
Snake:1:  layout_onion_interference, serial_shops, shop, grunt_megastairs_5
Snake:2:  layout_basic, nicolae_shop_self_help, uniq_aizul, uniq_louise,
          uniq_vashnia
Snake:3:  layout_cave_pods, basic_altar, nicolae_shop_clearance, uniq_mara
Snake:4:  grunt_snake_rune_serpentine_throne, layout_misc_corridors, uniq_agnes
Orc:1:    layout_caves
Orc:2:    st_orc_open, layout_caves, basic_altar, uniq_donald

Skill      XL: |  1  2  3  4  5  6  7  8  9 10 11 12 13 14 15 16 17 |
---------------+----------------------------------------------------+-----
Dodging        | 3 4 5 6 7 8 9 11 12 | 12.3
Long Blades    | 4 5 6 7 8 10 11 12 13 14 16 | 16.8
Fighting       | 4 5 6 8 9 10 11 13 14 | 14.5
Shields        | 1 2 3 5 6 8 11 12 13 14 | 14.3
Transmutations | 3 4 6 8 9 11 | 11.4
Necromancy     | 6 8 |  8.4
Earth Magic    | 7 |  7.5
Stealth        | |  1.7

Action                     |  1- 3 |  4- 6 |  7- 9 | 10-12 | 13-15 | 16-18 || total
---------------------------+-------+-------+-------+-------+-------+-------++-------
  Melee: Falchion          |   109 |   152 |   246 |   542 |  1304 |   757 ||  3110
         Tailslap          |    13 |    15 |    44 |   100 |   238 |   268 ||   678
         Punch             |     2 |     2 |       |       |       |       ||     4
         Scimitar          |       |       |       |       |    15 |       ||    15
         Demon blade       |       |       |       |       |       |   637 ||   637
  Throw: Dart              |       |       |       |       |     1 |       ||     1
   Cast: Wereblood         |       |       |       |     3 |     6 |    18 ||    27
         Beastly Appendage |       |       |       |       |     1 |       ||     1
 Invoke: Heavenly Storm    |       |       |       |       |     4 |     5 ||     9
         Serpent's Lash    |       |       |       |       |       |     3 ||     3
Ability: Breathe Fire      |       |       |     1 |     1 |     4 |     1 ||     7
         Whirlwind         |       |       |       |    21 |   612 |   595 ||  1228
         Lunge             |       |       |       |    28 |    68 |    89 ||   185
         Wall Jump         |       |       |       |     2 |    12 |     7 ||    21
  Evoke: Wand              |       |       |       |     4 |       |     1 ||     5
         Phial of floods   |       |       |       |       |       |     2 ||     2
    Use: Scroll            |       |       |       |    16 |    12 |     1 ||    29
         Potion            |       |       |       |     6 |     2 |     4 ||    12
   Stab: Sleeping          |     4 |    10 |     3 |     4 |    13 |     6 ||    40
         Distracted        |       |       |       |       |       |     4 ||     4
 Armour: Skin              |    33 |    32 |    64 |    77 |    75 |   128 ||   409
  Dodge: Dodged            |    75 |    99 |   124 |   147 |   513 |   544 ||  1502
  Block: Kite shield       |       |       |   140 |   200 |   494 |   675 ||  1509
         Reflection        |       |       |       |       |       |    70 ||    70

Table legend: (Time is in decaauts)
 A = Elapsed time spent in this place.
 B = Non-inter-level travel time spent in this place.
 C = Inter-level travel time spent in this place.
 D = Time resting spent in this place.
 E = Time spent auto-exploring this place.
 F = Levels seen in this place.
 G = Mean time per level.
                   A        B        C        D        E       F      G
               +--------+--------+--------+--------+--------+-----+--------+
         Total |  25387 |  24050 |   1337 |   1835 |  16150 |  28 |  906.7 |
       Dungeon |  14080 |  13205 |    875 |   1247 |   9154 |  13 | 1083.1 |
        Temple |     12 |      7 |      5 |      0 |      0 |   1 |   12.0 |
          Lair |   4536 |   4333 |    203 |     60 |   3258 |   5 |  907.2 |
     Snake Pit |   3710 |   3546 |    164 |    334 |   2074 |   4 |  927.5 |
  Orcish Mines |    970 |    881 |     89 |      0 |    607 |   2 |  485.0 |
        Bailey |    708 |    708 |      0 |     55 |    422 |   1 |  708.0 |
      Ice Cave |    739 |    739 |      0 |    128 |    376 |   1 |  739.0 |
      Gauntlet |    628 |    628 |      0 |     11 |    259 |   1 |  628.0 |
               +--------+--------+--------+--------+--------+-----+--------+

Top non-repeatable levels by time:
     D:8: 1793 daAuts
     D:4: 1502 daAuts
 Snake:2: 1475 daAuts
     D:9: 1397 daAuts
     D:2: 1292 daAuts
    D:12: 1212 daAuts
 Snake:3: 1161 daAuts
     D:5: 1133 daAuts
  Lair:5: 1032 daAuts
  Lair:2: 988 daAuts
  Lair:1: 956 daAuts
    D:10: 947 daAuts
 Snake:1: 941 daAuts
     D:3: 941 daAuts
  Lair:4: 868 daAuts
